 Dungeon Crawl Stone Soup version 0.31-a0-1074-g0b22e4e0f1 (webtiles) character file.

Game seed: 17596949594485025662

1187 wildpjah the Ducker (level 8, -16/58 HPs)
             Began as a Djinni Gladiator on Dec 8, 2023.
             Demolished by an ogre
             ... wielding a +0 giant club
              (33 damage)
             ... on level 5 of the Dungeon.
             The game lasted 00:15:50 (4365 turns).

wildpjah the Ducker (Djinni Gladiator)              Turns: 4365, Time: 00:15:50

Health: -16/58     AC:  5    Str: 13    XL:     8   Next: 70%
Gold:   163        EV: 14    Int:  9    God:
                   SH:  0    Dex: 18

rFire   + + +        f - +0 falchion
rCold   x . .        (no shield)
rNeg    . . .        b - +0 leather armour
rPois   ∞            c - +0 helmet
rElec   .            s - scarf {repulsion}
rCorr   .            y - +0 pair of gloves
SInv    .            (boots unavailable)
Will    .....        (no amulet)
Stlth   ++           r - ring of protection from fire
HPRegen 0.29/turn    (no ring)
MPRegen 0.00/turn

%: repel missiles, infuse magic (-17 HP)
@: flying
A: sickness immunity, fire resistance 2, cold vulnerability 1, float, innate
caster, HP casting, extra vitality 1
a: no special abilities


You were on level 5 of the Dungeon.
You visited 1 branch of the dungeon, and saw 5 of its levels.

You collected 163 gold pieces.

Inventory:

Hand Weapons
 a - a +0 long sword
 f - a +0 falchion (weapon)
 x - a +1 dagger of venom
Missiles
 d - 2 throwing nets
 e - a javelin
Armour
 b - a +0 leather armour (worn)
 c - a +0 helmet (worn)
 s - a scarf of repulsion (worn)
 y - a +0 pair of gloves (worn)
Jewellery
 r - a ring of protection from fire (left hand)
Wands
 q - a wand of mindburst (9)
Scrolls
 g - 2 scrolls of fear {unknown}
 j - a scroll of torment {unknown}
 k - a scroll of summoning {unknown}
 m - a scroll of revelation {unknown}
 p - a scroll of enchant armour {unknown}
 t - 3 scrolls of identify {unknown}
 u - a scroll of acquirement {unknown}
 v - 2 scrolls of poison {unknown}
 w - a scroll of blinking {unknown}
 A - a scroll of teleportation {unknown}
 B - a scroll of amnesia {unknown}
Potions
 h - 2 potions of heal wounds {unknown}
 i - a potion of might {unknown}
 l - a potion of degeneration {unknown}
 n - a potion of ambrosia {unknown}
 o - 2 potions of curing {unknown}
 z - 2 potions of lignification {unknown}


   Skills:
 + Level 3.7 Fighting
 + Level 2.5(4.0) Short Blades
 + Level 4.8(5.1) Long Blades
 + Level 1.7 Throwing
 + Level 2.9 Armour
 * Level 5.7 Dodging
 + Level 1.7 Stealth
 * Level 3.0 Spellcasting
 * Level 3.0 Conjurations
 * Level 3.0 Hexes
 * Level 3.0 Summonings
 * Level 3.0 Necromancy
 * Level 3.0 Translocations
 * Level 3.0 Transmutations
 * Level 3.0 Fire Magic
 * Level 3.0 Ice Magic
 * Level 3.0 Air Magic
 * Level 3.0 Earth Magic
 * Level 3.0 Poison Magic


You knew the following spells:

 Your Spells              Type           Power      Damage    Failure   Level
a - Sandblast             Erth           12%        2d6       11%         1
b - Wereblood             Tmut           6%         N/A       17%         2
c - Tukima's Dance        Hex            6%         N/A       32%         3
Your spell library was empty.

Dungeon Overview and Level Annotations

Branches:
Dungeon (5/15)
 Temple: D:4-7

Altars:
Qazlal

Shops:
D:2 =


Innate Abilities, Weirdness & Mutations

You are immune to sickness and miasma.
You are immune to poison.
Your flesh is very heat resistant. (rF++)
You are vulnerable to cold. (rC-)
You float through the air rather than walking.
You learn spells naturally, not from books.
Your magical power is your life essence.
You have superior vitality. (+4 MHP)


Message History

Aiming: Sandblast (safe; 11% risk of failure)
Press: ? - help, Q - select action, (/) - cycle Shift-Dir - straight line, f - quokka
Aim: a quokka (73% to hit)
The blast of sand hits the quokka.
The quokka is moderately wounded.
Aiming: Sandblast (safe; 11% risk of failure)
Press: ? - help, Q - select action, (/) - cycle Shift-Dir - straight line, f/p - quokka
Aim: a quokka (moderately wounded, 73% to hit)
The blast of sand hits the quokka.
The quokka is almost dead.
The quokka bites you.
You hit the quokka but do no damage.
The quokka is almost dead.
The quokka closely misses you.
Unknown command.
You hit the quokka.
You kill the quokka!
Unknown command.
You completely miss the ogre. The ogre barely misses you.
You hit the ogre.
The ogre is poisoned.
The ogre is lightly wounded.
You hit the ogre but do no damage.
The ogre looks as sick as possible!
The ogre is lightly wounded.
The ogre hits you with a +0 giant club!
Your +1 dagger of venom stops dripping with poison.
f - a +0 falchion (weapon)
You hit the ogre.
The ogre is moderately wounded.
The ogre barely misses you.
You hit the ogre.
The ogre is heavily wounded.
The ogre hits you with a +0 giant club!!
* * * LOW HITPOINT WARNING * * *
You barely miss the ogre.
The ogre is heavily wounded.
You hit the ogre.
The ogre is heavily wounded.
The ogre hits you with a +0 giant club!!
Ouch! That really hurt!
You die...

..# #.# #.#
#####.###########
........†@<[[..#
# #...##.O#####)#
...###.#†#...#
#.#
........[....#
#<# ...#...#....#
#)# #...#...#...#
#.#
..#..)#..)#..#
#.## ...#...#...#
#..#
#...#...#....#
##.#


You could see an ogre (very poisoned).

Vanquished Creatures
  A steam dragon (D:5)
  2 ogres
  A black bear (D:4)
  Blork the orc (D:4)
  3 scorpions
  A howler monkey (D:5)
  5 hounds
  A jelly (D:5)
  2 gnoll boudas
  3 iguanas
  An orc wizard (D:5)
  8 adders
  A gnoll (D:5)
  A shadow imp (D:4)
  2 worms (D:2)
  3 dart slugs
  8 orcs
  3 endoplasms
  2 giant cockroaches
  9 goblins
  3 hobgoblins
  7 jackals
  5 quokkas
  4 ball pythons
  6 bats
  2 frilled lizards
  3 kobolds
  4 rats
92 creatures vanquished.

Notes
Turn   | Place    | Note
-------+----------+-------------------------------------------
     0 | D:1      | wildpjah the Djinni Gladiator began the quest for the Orb.
     0 | D:1      | Reached XP level 1. HP: 18/18 MP: 0/0
    68 | D:1      | Found a faded altar of an unknown god.
   120 | D:1      | Reached XP level 2. HP: 23/23 MP: 0/0
   389 | D:1      | Reached XP level 3. HP: 23/28 MP: 0/0
   389 | D:1      | Learned a level 1 spell: Sandblast
  1106 | D:2      | Noticed an ogre
  1118 | D:2      | Killed an ogre
  1119 | D:2      | Reached skill level 1 in Armour
  1119 | D:2      | Reached XP level 4. HP: 32/34 MP: 0/0
  1119 | D:2      | Reached XP level 5. HP: 37/39 MP: 0/0
  1119 | D:2      | Learned a level 2 spell: Wereblood
  1139 | D:2      | Reached skill level 4 in Dodging
  1332 | D:2      | Found Sutwaz's Jewellery Shop.
  1808 | D:3      | Reached XP level 6. HP: 43/45 MP: 0/0
  1987 | D:3      | Found a stormy altar of Qazlal.
  2479 | D:4      | Reached skill level 1 in Spellcasting
  2479 | D:4      | Reached skill level 1 in Conjurations
  2479 | D:4      | Reached skill level 1 in Hexes
  2479 | D:4      | Reached skill level 1 in Summonings
  2479 | D:4      | Reached skill level 1 in Necromancy
  2479 | D:4      | Reached skill level 1 in Translocations
  2479 | D:4      | Reached skill level 1 in Transmutations
  2479 | D:4      | Reached skill level 1 in Fire Magic
  2479 | D:4      | Reached skill level 1 in Ice Magic
  2479 | D:4      | Reached skill level 1 in Air Magic
  2479 | D:4      | Reached skill level 1 in Earth Magic
  2479 | D:4      | Reached skill level 1 in Poison Magic
  2759 | D:4      | Noticed Blork the orc
  2770 | D:4      | Killed Blork the orc
  2771 | D:4      | Reached skill level 1 in Stealth
  2771 | D:4      | Reached XP level 7. HP: 28/49 MP: 0/0
  2771 | D:4      | Learned a level 3 spell: Tukima's Dance
  3275 | D:5      | Entered Level 5 of the Dungeon
  3288 | D:4      | Reached skill level 1 in Short Blades
  3737 | D:4      | Reached skill level 5 in Dodging
  3737 | D:4      | Reached XP level 8. HP: 30/56 MP: 0/0
  4365 | D:5      | Demolished by an ogre

Illustrated notes

Levels and vault maps discovered:
D:1:      minmay_arrival_nine_rooms, layout_basic,
          shapermc_ecumenical_altar_pompeii, minmay_misc_feat_diagonals
D:2:      minmay_general_purpose_star, layout_basic, serial_shops,
          nicolae_shop_gaudy_bauble, nicolae_the_louvre
D:3:      layout_basic, mainiacjoe_overflow_tiny_flanked
D:4:      layout_loops_ring, uniq_blork_the_orc
D:5:      cheibrodos_fzero, layout_loops_ring, temple_hall

Skill      XL: |  1  2  3  4  5  6  7  8 |
---------------+-------------------------+-----
Long Blades    | 3 4 |  4.8
Armour         | 1 2 |  2.9
Dodging        | 4 5 |  5.7
Spellcasting   | 1 2 3 |  3.0
Conjurations   | 1 2 3 |  3.0
Hexes          | 1 2 3 |  3.0
Summonings     | 1 2 3 |  3.0
Necromancy     | 1 2 3 |  3.0
Translocations | 1 2 3 |  3.0
Transmutations | 1 2 3 |  3.0
Fire Magic     | 1 2 3 |  3.0
Ice Magic      | 1 2 3 |  3.0
Air Magic      | 1 2 3 |  3.0
Earth Magic    | 1 2 3 |  3.0
Poison Magic   | 1 2 3 |  3.0
Stealth        | 1 |  1.7
Fighting       | 3 |  3.7
Short Blades   | 1 2 |  2.5
Throwing       | |  1.7

Action                     |  1- 3 |  4- 6 |  7- 9 || total
---------------------------+-------+-------+-------++-------
  Melee: Long sword        |    12 |       |       ||    12
         Falchion          |    70 |   110 |    47 ||   227
         Punch             |     2 |     3 |     1 ||     6
         Dagger            |       |    33 |    82 ||   115
  Throw: Throwing net      |     2 |       |       ||     2
         Javelin           |       |     1 |       ||     1
   Cast: Sandblast         |       |    25 |    30 ||    55
         Wereblood         |       |       |     1 ||     1
   Stab: Held in net/web   |     1 |       |       ||     1
         Sleeping          |       |     1 |     1 ||     2
 Armour: Leather armour    |    53 |    80 |    75 ||   208
  Dodge: Dodged            |    64 |    94 |    77 ||   235
         Repelled          |       |     1 |     2 ||     3

Table legend: (Time is in decaauts)
 A = Elapsed time spent in this place.
 B = Non-inter-level travel time spent in this place.
 C = Inter-level travel time spent in this place.
 D = Time resting spent in this place.
 E = Time spent auto-exploring this place.
 F = Levels seen in this place.
 G = Mean time per level.
                   A        B        C        D        E       F      G
               +--------+--------+--------+--------+--------+-----+--------+
         Total |   4384 |   4240 |    144 |    295 |   3071 |   5 |  876.8 |
       Dungeon |   4384 |   4240 |    144 |    295 |   3071 |   5 |  876.8 |
               +--------+--------+--------+--------+--------+-----+--------+

Top non-repeatable levels by time:
     D:4: 1167 daAuts
     D:1: 849 daAuts
     D:3: 822 daAuts
     D:2: 795 daAuts
     D:5: 749 daAuts
